 Dungeon Crawl Stone Soup version 0.18-a0-1070-gd466a24 (webtiles) character file.

73 TriBird the Skirmisher (level 4, -13/40 HPs)
             Began as a Draconian Fighter on Jan 13, 2016.
             Killed by divine providence
             ... invoked by an orc priest
              (16 damage)
             ... on level 3 of the Dungeon.
             The game lasted 00:15:14 (930 turns).

TriBird the Skirmisher (Draconian Fighter)           Turns: 930, Time: 00:15:14

Health: -13/40     AC:  8    Str: 19    XL:     4   Next: 8%
Magic:  4/4        EV:  9    Int:  9    God:
Gold:   154        SH:  8    Dex:  5    Spells: 0 memorised, 3 levels left

rFire  . . .     SeeInvis .     f - +3 dagger (venom)
rCold  . . .     Gourm    .     (armour unavailable)
rNeg   . . .     Faith    .     b - +0 shield
rPois  .         Spirit   .     (helmet restricted)
rElec  .         Dismiss  .     j - +0 cloak
rCorr  .         Reflect  .     h - +0 pair of gloves
SustAt .         Harm     .     g - +0 pair of boots
MR     .....                    (no amulet)
Stlth  +.........               (no ring)
                                s - -5 ring of dexterity

@: not resistant to hostile enchantments, very unstealthy
A: unfitting armour, cold-blooded, AC +5
a: no special abilities


You were on level 3 of the Dungeon.
You were not hungry.

You visited 1 branch of the dungeon, and saw 3 of its levels.

You collected 154 gold pieces.

Inventory:

Hand Weapons
 a - a +0 war axe
 f - a +3 dagger of venom (weapon)
Missiles
 e - 12 stones (quivered)
 k - 27 poisoned needles
 m - 23 sling bullets
 n - 67 arrows
 r - 26 bolts
Armour
 b - a +0 shield (worn)
 g - a +0 pair of boots (worn)
 h - a +0 pair of gloves (worn)
 j - a +0 cloak (worn)
 p - a +0 scale mail
Jewellery
 s - a -5 ring of dexterity (left hand)
Scrolls
 l - a scroll of random uselessness
 o - a scroll of identify
Potions
 c - 2 potions of might
 i - 3 potions of curing
 t - a potion of heal wounds
Comestibles
 d - 2 bread rations
 q - 2 meat rations


   Skills:
 + Level 3.9 Fighting
 + Level 2.2 Axes
 + Level 3.4 Dodging
 + Level 3.7 Shields


You had 3 spell levels left.
You didn't know any spells.

Dungeon Overview and Level Annotations

Branches:
Dungeon (3/15)

Altars:
Pakellas


Innate Abilities, Weirdness & Mutations

Your plain brown scales are hard (AC +5).
Your body does not fit into most forms of armour.
You are cold-blooded and may be slowed by cold attacks.


Message History

The orc hits you but does no damage.
You hit the orc.
The orc looks even sicker.
The orc is almost dead.
You kill the orc!
The orc priest mumbles some strange prayers to Beogh against you.
Something smites you!
You hit the orc.
The orc is poisoned.
The orc is severely wounded.
You block the orc's attack.
The orc priest mumbles some strange prayers to Beogh against you.
Something smites you!
* * * LOW HITPOINT WARNING * * *
You hear a shout!
You kill the orc!
The orc priest mumbles some strange prayers to Beogh against you.
Something smites you!
* * * LOW HITPOINT WARNING * * *
The orc priest mumbles some strange prayers to Beogh against you.
Something smites you!
You die...

##. ###. .. ... #o
#####.#######
###.##......#.....
####.....o.#....#.._.
.......o.†..# ...#...
####.#.o##..##....#.#
#..##.........#.
#.@##...<.......
#..............#
.......#.........
###.#####.....#.## #.
###......# #. ..#../.
#. #....># #. ......


You could see 2 orc priests and an orc.

Vanquished Creatures
  3 adders (D:2)
  4 giant geckos
  2 orcs (D:3)
  2 giant cockroaches (D:1)
  8 goblins
  2 hobgoblins
  3 kobolds
  A ball python (D:1)
  6 bats
  4 giant newts
  4 rats
39 creatures vanquished.

Notes
Turn   | Place    | Note
--------------------------------------------------------------
     0 | D:1      | TriBird the Draconian Fighter began the quest for the Orb.
     0 | D:1      | Reached XP level 1. HP: 19/19 MP: 1/1
   137 | D:1      | Reached XP level 2. HP: 21/26 MP: 2/2
   435 | D:2      | Reached XP level 3. HP: 28/31 MP: 3/3
   732 | D:2      | Reached XP level 4. HP: 38/40 MP: 4/4
   914 | D:3      | Found an oddly glowing altar of Pakellas.
   930 | D:3      | Killed from afar by an orc priest

Vault maps used:
D:1:      minmay_arrival_checkered_box, hex_large
D:2:      st_stairs_7
D:3:      grunt_pakellas_basics

Action                   |  1- 3 |  4- 6 || total
-------------------------+-------+-------++-------
Melee: War axe           |    53 |       ||    53
       Dagger            |    38 |     6 ||    44
  Use: Scroll            |     4 |     2 ||     6
